Cogmind - Beta 9.6 @@@ ROGUE MODE // 2020.06.11 @ 16:53:01 Player: Teratos Result: Self-destructed Performance ------------- Evolutions (1) 500 Regions Visited (2) 400 Robots Destroyed (32) 160 Value Destroyed (506) 506 Prototype IDs (2) 40 Alien Tech Used (0) 0 Bonus (0) 0 TOTAL SCORE: 1606 Bonus ------- None Cogmind --------- Core Integrity 249/400 Matter 300/300 Energy 98/100 System Corruption 1% Temperature Cool (302) Movement Core (300) Ox5 Location -9/Materials Parts ------- > --- POWER (1) -------- (None) > --- PROPULSION (2) --- (None) > --- UTILITY (2) ------ Large Storage Unit > --- WEAPON (4) ------- (None) > --- INVENTORY (10) --- Signal Interpreter Terrain Scanner Targeting Computer Tractor Beam Heavy EM Pulse Gun Spread Laser Spread Laser Spread Laser Peak State ------------ > --- POWER ------------ Improved Ion Engine > --- PROPULSION ------- Light Treads Light Treads > --- UTILITY ---------- Large Storage Unit Improved Terrain Scanner > --- WEAPON ----------- Heavy EM Pulse Gun Heavy EM Pulse Gun Improved EM Shotgun Improved EM Shotgun > --- INVENTORY -------- Signal Interpreter Terrain Scanner Targeting Computer Tractor Beam Heavy EM Pulse Gun Heavy EM Pulse Gun Spread Laser Spread Laser Spread Laser Spread Laser [Rating: 18] Favorites ----------- Power Ion Engine Engine Ion Engine Propulsion Light Treads Treads Light Treads Utility Improved Terrain Scanner Device Improved Terrain Scanner Storage Large Storage Unit Weapon Heavy EM Pulse Gun Energy Gun Heavy EM Pulse Gun Energy Cannon Beam Cannon Ballistic Gun Assault Rifle Launcher Grenade Launcher Build | -11 -10 -9 ------- Run | Scr Mat Mat Slots Evolved 2 | . . 2 Power . | . . . Propulsion . | . . . Utility . | . . . Weapon 2 | . . 2 Parts Attached 25 | 7 7 11 Power 2 | 1 . 1 Engine 2 | 1 . 1 Core . | . . . Reactor . | . . . Propulsion 2 | 2 . . Treads 2 | 2 . . Leg . | . . . Wheel . | . . . Hover . | . . . Flight . | . . . Utility 3 | 2 1 . Device 1 | 1 . . Storage 2 | 1 1 . Processor . | . . . Hackware . | . . . Protection . | . . . Artifact . | . . . Weapon 18 | 2 6 10 Energy Gun 14 | 2 4 8 Energy Cannon 2 | . . 2 Ballistic Gun 1 | . 1 . Ballistic Cannon . | . . . Launcher 1 | . 1 . Special Weapon . | . . . Impact Weapon . | . . . Slashing Weapon . | . . . Piercing Weapon . | . . . Special Melee Weapon . | . . . Unidentified Prototypes 2 | . . 2 Parts Lost 13 | . 2 11 Power 1 | . . 1 Propulsion 2 | . . 2 Utility 1 | . . 1 Weapon 9 | . 2 7 Highest Loss Streak 10 | . 2 10 Average Slot Usage (%) 98 | . 97 98 Engine 12 | . 14 10 Treads 24 | . 28 21 Device 12 | . 14 10 Storage 12 | . 14 11 Energy Gun 33 | . 17 43 Ballistic Gun 1 | . 2 . Launcher 1 | . 5 . Naked Turns . | . . . Heaviest Build 36 | 14 28 36 Greatest Support 40 | 40 40 40 Greatest Overweight (x) . | . . . Average Overweight (x) . | . . . Largest Inventory Capacity 10 | 6 10 10 Average Capacity 9 | 5 9 10 Most Carried 10 | . 10 10 Average Carried 7 | . 4 9 Final Capacity 10 | 6 10 10 Final Carried 10 | . 10 8 Class Distribution -------------------- 58% | Skirmisher 41% | Mutant Dominant Class ---------------- Mutant | -10/Materials Skirmisher | -9/Materials Resources | -11 -10 -9 ----------- Run | Scr Mat Mat Matter Collected 515 | 260 145 110 Remotely . | . . . Salvage Created 1054 | 70 310 674 Parts 58 | 4 28 26 Haulers Intercepted 3 | . 1 2 Recyclers Shooed 3 | . 3 . Parts Field Recycled . | . . . Retrieved Matter . | . . . Parts Self-Destructed . | . . . Prevented . | . . . Kills | -11 -10 -9 ------- Run | Scr Mat Mat Combat Hostiles Destroyed 13 | . 6 7 Guns 9 | . 3 6 Cannons 1 | . . 1 AOE 3 | . 3 . Classes Destroyed 11 | 2 6 3 Worker 4 | . . 4 Builder 2 | . 2 . Tunneler 1 | 1 . . Hauler 3 | . 1 2 Recycler 3 | 1 1 1 Operator 2 | . 2 . Watcher 4 | . 1 3 Swarmer 5 | . 3 2 Grunt 6 | . 3 3 Brawler 1 | . . 1 Sentry 1 | . . 1 Best Kill Streak 8 | 2 4 8 Combat Bots Only 3 | . 3 3 Max Kills in Single Turn 2 | 1 1 2 Gunslinging . | . . . Exploded 1 | . 1 . Melee . | . . . Uniques/NPCs Destroyed . | . . . Combat | -11 -10 -9 -------- Run | Scr Mat Mat Damage Taken 1157 | . 287 870 Core 177 | . 26 151 Absorbed by Shields . | . . . Core Remaining (%) 94 | 100 89 . Volleys Fired 73 | 8 28 37 Largest 4 | 2 2 4 Hottest 220 | 100 100 220 Shots Fired 191 | 16 55 120 Gun 181 | 16 49 116 Cannon 4 | . . 4 Launcher 6 | . 6 . Special . | . . . Kinetic 5 | . 5 . Thermal 46 | 16 14 16 Explosive 6 | . 6 . Electromagnetic 134 | . 30 104 Robot Hit Streak 11 | 8 10 11 Robot Miss Streak 6 | 1 2 6 Penetration Max . | . . . Secondary Targets 1 | . . 1 Max Gunslinging Chain 1 | . . 1 Shots Hit Robots 107 | 12 27 68 Core Hits 52 | 3 18 31 Critical Hits . | . . . Critical Kills . | . . . Critical Parts Destroyed . | . . . Melee Attacks . | . . . Impact . | . . . Slashing . | . . . Piercing . | . . . Sneak Attacks . | . . . Combat Hostiles . | . . . Follow-up Attacks . | . . . Damage Inflicted 1867 | 162 736 969 Guns 1234 | 162 357 715 Cannons 71 | . . 71 Explosions 562 | . 379 183 Melee . | . . . Ramming . | . . . Kinetic 15 | . 15 . Thermal 780 | 162 255 363 Explosive 248 | . 248 . Electromagnetic 824 | . 218 606 Impact . | . . . Slashing . | . . . Piercing . | . . . Highest Corruption 1 | . . 1 Average Corruption 1 | . . 1 Corruption Purged . | . . . Effects 2 | . . 2 Message Errors 1 | . . 1 Targeting Errors 1 | . . 1 Overload Shots . | . . . Overflow Damage . | . . . Projectiles . | . . . Explosions . | . . . Melee . | . . . Knockbacks . | . . . Impact . | . . . Kinetic . | . . . Secondary . | . . . Self-Inflicted Damage 85 | . 53 32 Shots 3 | . 2 1 Rammed . | . . . Targets Rammed . | . . . Kicked . | . . . Crushed . | . . . Highest Temperature 579 | 218 162 579 Average Temperature 142 | 98 63 183 Received Heat Transfer 255 | . 36 219 Effects 6 | . . 6 Shutdowns 3 | . . 3 Energy Bleed 1 | . . 1 Interference 1 | . . 1 Damage (minor) 1 | . . 1 Siege Activations . | . . . Robots Corrupted . | . . . Combat Hostiles . | . . . Parts Fried 2 | . . 2 Impact Corruptions . | . . . Robots Melted . | . . . Combat Hostiles . | . . . Parts Melted 2 | . 1 1 Heat Transferred 1529 | 481 570 478 Parts Sabotaged . | . . . Parts Stolen . | . . . Parts Stripped . | . . . Power Chain Reactions 4 | . 2 2 Missiles Intercepted . | . . . Alert | -11 -10 -9 ------- Run | Scr Mat Mat Peak Influence 225 | 10 142 225 Average Influence 76 | 2 53 99 Maximum Alert Level 1 | . . 1 Low Security (%) 95 | 100 100 91 Level 1 4 | . . 8 Level 2 . | . . . Level 3 . | . . . Level 4 . | . . . Level 5 . | . . . High Security . | . . . Max Security . | . . . Squads Dispatched 5 | . 3 2 Investigation 2 | . 1 1 Extermination . | . . . Reinforcement 3 | . 2 1 Assault . | . . . Garrison . | . . . Intercept . | . . . Construction Impeded . | . . . Haulers Reinforced . | . . . Stealth | -11 -10 -9 --------- Run | Scr Mat Mat Distress Signals . | . . . Communications Jammed . | . . . Distress Signals . | . . . Times Spotted 25 | . 10 15 Peak Tracking Total 6 | . 3 6 Tactical Retreats 1 | . 1 . Traps | -11 -10 -9 ------- Run | Scr Mat Mat Traps Triggered . | . . . Indirectly . | . . . Trap Hack Attempts . | . . . Triggered . | . . . Disarmed . | . . . Reprogrammed . | . . . Reused . | . . . Traps Extracted . | . . . Installed . | . . . Triggered . | . . . Machines | -11 -10 -9 ---------- Run | Scr Mat Mat Machines Disabled 3 | . 2 1 Max in Single Turn 2 | . 2 1 Machines Sabotaged . | . . . Garrisons Compromised . | . . . Overloaded Fab Kills . | . . . Fab Network Shutdowns . | . . . Hacking | -11 -10 -9 --------- Run | Scr Mat Mat Machines Accessed 8 | . 3 5 Terminals 7 | . 3 4 Fabricators . | . . . Repair Stations . | . . . Recycling Units . | . . . Scanalyzers 1 | . . 1 Garrison Access . | . . . Total Hacks 19 | . 6 13 Successful 15 | . 4 11 Failed 4 | . 2 2 Catastrophic 1 | . 1 . Database Lockouts . | . . . Manual . | . . . Terminals 15 | . 6 9 Fabricators . | . . . Repair Stations . | . . . Recycling Units . | . . . Scanalyzers 4 | . . 4 Garrison Access . | . . . Terminal Hacks 11 | . 4 7 Record 4 | . 2 2 Branch Access Points 1 | . . 1 Alert Level 1 | . . 1 Locate Traps 1 | . . 1 Patrol Status 1 | . . 1 Transport Status 1 | . . 1 Hauler Manifests 1 | . 1 . Registered Components 1 | . 1 . Fabricator Hacks . | . . . Repair Station Hacks . | . . . Recycling Unit Hacks . | . . . Scanalyzer 4 | . . 4 Insert Component 2 | . . 2 Analyze 2 | . . 2 Garrison Access Hacks . | . . . Unauthorized Hacks . | . . . Terminals . | . . . Fabricators . | . . . Repair Stations . | . . . Recycling Units . | . . . Scanalyzers . | . . . Garrison Access . | . . . Data Cores Recovered . | . . . Used . | . . . Hacking Detections 4 | . 1 3 Full Trace Events 3 | . 1 2 Feedback Events 1 | . . 1 Corruption 1 | . . 1 Feedback Blocked . | . . . Robot Schematics Acquired . | . . . Robots Built . | . . . Matter . | . . . Time . | . . . Total Robot Build Rating . | . . . Part Schematics Acquired 2 | . . 2 Parts Built . | . . . Matter . | . . . Time . | . . . Total Part Build Rating . | . . . Parts Repaired . | . . . Time . | . . . Parts Recycled . | . . . Recycled Matter . | . . . Retrieved Matter . | . . . Retrieved Components . | . . . Parts Scanalyzed 2 | . . 2 Part Schematics Acquired 2 | . . 2 Parts Damaged . | . . . Bothacking | -11 -10 -9 ------------ Run | Scr Mat Mat Used RIF Installer . | . . . Robots Hacked . | . . . Non-combat . | . . . Combat . | . . . Robot Hacks Applied . | . . . Relay Couplers Released . | . . . Robots Rewired . | . . . Allies Hacked . | . . . Hacks Repelled . | . . . Allies | -11 -10 -9 -------- Run | Scr Mat Mat Total Allies . | . . . Largest Group . | . . . Highest-Rated Group . | . . . Highest-Rated Ally . | . . . Total Orders . | . . . Ally Attacks . | . . . Total Damage . | . . . Kills . | . . . Allies Corrupted . | . . . Allies Melted . | . . . Intel | -11 -10 -9 ------- Run | Scr Mat Mat Robot Analysis Total . | . . . Derelict Logs Recovered . | . . . Drone Launches . | . . . Drone Recoveries . | . . . Exploration | -11 -10 -9 ------------- Run | Scr Mat Mat Turns Passed 1648 | 108 573 967 Spaces Moved 814 | 47 290 477 Core 4 | 4 . . Treads 810 | 43 290 477 Legs . | . . . Wheels . | . . . Hover . | . . . Flight . | . . . Fastest Speed 50 | 50 160 160 Average Speed 159 | 150 160 160 Slowest Speed 160 | 160 160 160 Overloaded Moves . | . . . Propulsion Burnouts . | . . . Robots Hopped . | . . . Cave-ins Triggered . | . . . Exploration Rate (%) 28 | 4 45 36 Regions Visited 2 Branch Regions . Pre-discovered Areas . | . . . Known Exits Taken . | . . . Unknown Exits Taken 2 | 1 1 . Scrap Searched . | . . . Spaces Dug . | . . . Terrain Destroyed 29 | . 24 5 Melee . | . . . Projectile . | . . . AOE 29 | . 24 5 Actions | -11 -10 -9 --------- Run | Scr Mat Mat Total 1007 | 65 343 599 Wait 75 | 4 4 67 Move 812 | 46 289 477 Hop . | . . . Pick Up 13 | . 12 1 Fast Attach 15 | 7 3 5 Attach 6 | . 2 4 Detach 2 | . . 2 Swap 5 | . 2 3 Drop 6 | . 3 3 Fire 73 | 8 28 37 Melee . | . . . Ram . | . . . Kick . | . . . Crush . | . . . Escape Stasis . | . . . Rewire . | . . . Trap . | . . . Miscellaneous . | . . . Route ------- -11/Scrapyard -10/Materials -9/Materials (discovered 2 exits: *Min x2) History --------- Turn | Location | Event 2 | -11/Scrapyard | Discovered new exit (range 16) 109 | -11/Scrapyard | Entered Materials 312 | -10/Materials | Build established: Mutant 637 | -10/Materials | Discovered new exit (range 11) 682 | -10/Materials | Entered another Materials area 682 | -9/Materials | Evolved 2 slots: Weapon x2 983 | -9/Materials | Build established: Skirmisher 1083 | -9/Materials | Discovered new exit (range 14) 1463 | -9/Materials | Identified exit to Mines 1649 | -9/Materials | Self-destructed Last Messages --------------- 01632_ Imp. Terrain Scanner temporarily disabled. 01632_ R-06 Scavenger collects Hover Unit. 01632_ Imp. EM Shotgun destroyed. 01633_ K-01 Serf collects debris. 01635_ Chain reaction triggered in Ion Engine. 01635_ K-01 Serf destroyed. 01635_ Wheel melted. 01635_ K-01 Serf destroyed. 01635_ K-01 Serf collects debris. 01637_ Imp. Terrain Scanner destroyed. 01637_ Lgt. Treads destroyed. 01639_ Imp. EM Shotgun destroyed. 01640_ Hvy. EM Pulse Gun destroyed. 01640_ K-01 Serf collects debris. 01641_ G-34 Mercenary destroyed. 01642_ Acquired 10 matter. 01643_ K-01 Serf collects debris. 01647_ Imp. Ion Engine destroyed. 01647_ K-01 Serf collects debris. 01648_ Beam Cannon destroyed. Map ----- +----------------------------------------------------+ | ?????????????????????????????????????? | | ?????????????????????????????????????? | | ?????????????????????????????????????? | | ?????????????????????????????????????? | | ?????????????????????????????????????? | | ?????????????????????????????????????? | | ?????????????????????????????????????? | | ?????????????????????????????????????? | | ?????????????????????????????????????? | | ?????????????????????????????????????? | | ?????????????????????????????????????? | | ????????????????????"????????????????? | | ?????????????????????????????????????? | | ?????????????????????????????????????? | | ?????????????????????????????????????? | | ?????????????????????????????????????? | | ????????????????????????? ?????#?????? | | ?????????????????????????????????????? | | ????????????????????????????#????????? | | ?????????????????????????#???????????? | | ????????????????????#????????????????? | | ?????????????????##???############???? | | ??????????????????? ????# #???? | | ?????????????# ? ?? ???# """"" #???? | | ?????????????# ###=%%""" #???? | | ???????????#?# s;@%%""" #???? | | ?????????????# gs!= %"" ##??? | | ?????????????# ;%= s"" #???? | | ?????????????####### #%% %%" #?#?? | | ?????????????#?????# #%"%%%" #???? | | ????????????? ???? + # %%%k= #???? | | ?????????????????" ####?###+######???? | | ???????????"????""????????# #?#?#????? | | ?????????????"??"? #??????#%#?????#??? | | ??????????????????????????#%#?????##?? | | ???????????????????########=########?? | | ????????????? ????# ===#/ #?? | | ????#????????#?????# #### !=# #?? | | ??????????????###??# ####+#!# """ #?? | | ???????????????????# # # # """ #?? | | ???????????????????# # # +[ """ #?? | | ?????????????##??#?# # # # #?? | | ??????????????#????# # # ########?? | | ???????????????????# + # # ^^ [#?? | | ???????????###?????# # # # ^ #?? | | ?????????????????### ###### +^ """ #?# | | ?????#??#????????# #??# #^ """ #?? | | ?????????????#??## #### #^ """ #?? | | ??????#???????#??# T # #?? | | ???????????????#?# ##+##########?? | +----------------------------------------------------+ Best States ------------- Heat Dissipation 28 Energy Generation 12 Energy Capacity 265 Matter Stores 300 Matter Capacity 300 Sight Range 16 Terrain Scan Range 16 Terrain Scan Density 10 Evasion (%) 40 Recoil Reduction 2 Item Schematics ----------------- Spread Laser | -9/Materials | Scanalyzed Targeting Computer | -9/Materials | Scanalyzed Robot Schematics ------------------ None Fabricated ------------ Nothing Alien Tech Used ----------------- None Achievements -------------- None Challenges ------------ None Game ------ Seed PhasingActuatorReplicator Manual? 0 Play Time 00:11:25 Cumulative 30.7 hours Start 2020.06.11 @ 16:42:23 End 2020.06.11 @ 16:53:01 Sessions 1 Manual Loads 0 Difficulty Rogue Special Mode None Game No. 65 Rogue 65 Adventurer 0 Explorer 0 Win Type - Total 0 Types 0/0/0/0/0/0/0 Lore% 21 Gallery% 23 Achievement% 21 Wizard Run 0 Options --------- ASCII 0 Keyboard 0 Movement Numpad Keybinds 0 Fullscreen 1 Font 18/SmallcapsGlow Map View 76x50 Tactical HUD 1 Map Filters NONE Filters NONE Steam 1 RUN: dfa189e1-32e6-4859-b011-2ccb3f32eb23